 Dungeon Crawl Stone Soup version 0.29-a0-559-g359e09b9d1 (webtiles) character file.

Game seed: 2505780805270236197

336 zishaf the Shooter (level 6, -7/50 HPs)
             Began as a Demigod Wanderer on June 10, 2022.
             Mangled by an ice beast (14 damage)
             ... on level 4 of the Dungeon.
             The game lasted 00:07:19 (3444 turns).

zishaf the Shooter (Demigod Wanderer)               Turns: 3444, Time: 00:07:20

Health: -7/50      AC:  6    Str: 15    XL:     6   Next: 6%
Magic:  11/11      EV: 10    Int: 22    God:
Gold:   600        SH:  0    Dex: 11    Spells: 2/9 levels left

rFire   . . .      SeeInvis .   l - +3 war axe (flame)
rCold   . . .      Faith    .   (no shield)
rNeg    . . .      Spirit   .   b - +0 ring mail
rPois   .          Reflect  .   (no helmet)
rElec   .          Harm     .   (no cloak)
rCorr   .          Rampage  .   h - +0 pair of gloves
Will    .....                   (no boots)
Stlth   +.........              (no amulet)
HPRegen 0.16/turn               (no ring)
MPRegen 0.12/turn               (no ring)

@: no status effects
A: high MP 1, forlorn, divine attributes
a: no special abilities


You were on level 4 of the Dungeon.
You visited 1 branch of the dungeon, and saw 4 of its levels.

You collected 600 gold pieces.

Inventory:

Hand Weapons
 a - a +2 shortbow
 l - a +3 war axe of flaming (weapon)
Armour
 b - a +0 ring mail (worn)
 h - a +0 pair of gloves (worn)
Scrolls
 c - 3 scrolls of fear
 e - 3 scrolls of identify
 i - 2 scrolls of enchant weapon {unknown}
Potions
 d - a potion of curing
 f - a potion of magic
 k - a potion of resistance


   Skills:
 + Level 2.7 Fighting
 - Level 4.0 Bows
 - Level 2.6 Armour
 - Level 2.0 Spellcasting
 + Level 2.2 Conjurations
 + Level 2.2 Air Magic
 + Level 3.0 Poison Magic


You had 2 spell levels left.
You knew the following spells:

 Your Spells              Type           Power      Damage    Failure   Level
a - Sting                 Tmut/Pois      32%        1d4       14%         1
c - Stone Arrow           Conj/Erth      14%        3d7       45%         3
z - Mephitic Cloud        Conj/Pois/Air  13%        N/A       28%         3

Your spell library contained the following spells:

 Spells                   Type           Power      Damage    Failure   Level
 Sandblast                Erth           4%         2d4       26%         1
 Passwall                 Tmut/Erth      1%         N/A       36%         2


Dungeon Overview and Level Annotations

Branches:
Dungeon (4/15)
 Temple: D:4-7

Annotations:
D:4 1 runed translucent door, quinnr's ghost, amateur TeAE


Innate Abilities, Weirdness & Mutations

You have an increased reservoir of magic. (+10% MP)
You shall have no god before yourself.
Your divine heritage dramatically boosts your attributes as you level up.


Message History

The ice beast hits you but does no damage.
The adder bites you.
You barely miss the ice beast.
The ice beast is moderately wounded.
You hit the adder. You burn the adder. The adder bites you but does no damage.
The ice beast hits you but does no damage.
The adder bites you but does no damage.
You closely miss the ice beast.
The ice beast is moderately wounded.
You miss the adder.
The ice beast hits you but does no damage.
The adder bites you. The adder completely misses you. The ice beast misses you.
You closely miss the ice beast.
The ice beast is moderately wounded.
You barely miss the adder. The adder barely misses you. The ice beast hits you.
The ice beast freezes you! The adder bites you.
You closely miss the ice beast.
The ice beast is moderately wounded.
You miss the adder. The adder bites you.
You are poisoned.
The adder poisons you! The ice beast barely misses you. x2
The adder barely misses you.
Unknown command.
You closely miss the ice beast.
The ice beast is moderately wounded.
You miss the adder.
You feel sick. The adder barely misses you. The ice beast hits you.
* * * LOW HITPOINT WARNING * * *
The ice beast freezes you!
* * * LOW HITPOINT WARNING * * *
The adder barely misses you.
You feel better. The ice beast closely misses you.
The adder bites you but does no damage.
You barely miss the ice beast.
The ice beast is lightly wounded.
You hit the adder. You burn the adder. The adder completely misses you.
The ice beast hits you.
* * * LOW HITPOINT WARNING * * *
The ice beast freezes you!
You die...

..!....# .##..#### +##
.#######. $.## ..#......
... ..#....... .. ###..#
#.# #+### .#
###..###.####...###.####..
.#...............S........
.'..............@Y........
##....###'###+#####."..#..
#....##..###.# #####
#..............
#..............
#..############ ######
......... .........


You could see an ice beast and an adder.

Vanquished Creatures
  A scorpion (D:4)
  An iguana (D:3)
  Natasha (thrice) (D:3)
  3 orc wizards
  2 adders (D:3)
  A worm (D:2)
  7 dart slugs
  7 orcs
  3 ball pythons
  A bat (D:2)
  3 endoplasms
  A giant cockroach (D:1)
  7 goblins
  7 hobgoblins
  3 jackals (D:1)
  A quokka (D:3)
  6 kobolds
  4 rats
61 creatures vanquished.

Vanquished Creatures (collateral kills)
  An orc (D:4)
1 creature vanquished.

Grand Total: 62 creatures vanquished

Notes
Turn   | Place    | Note
-------+----------+-------------------------------------------
     0 | D:1      | zishaf the Demigod Wanderer began the quest for the Orb.
     0 | D:1      | zishaf set off with the following items: a +2 shortbow, a
                  | +0 ring mail, a scroll of fear; and the following spell
                  | memorised: Sting; and the following spells available to
                  | memorise: Mephitic Cloud
     0 | D:1      | Reached XP level 1. HP: 14/14 MP: 5/5
   455 | D:1      | Reached XP level 2. HP: 22/22 MP: 7/7
   829 | D:1      | Reached skill level 1 in Fighting
  1147 | D:2      | Reached XP level 3. HP: 28/28 MP: 8/8
  1151 | D:2      | Learned a level 3 spell: Mephitic Cloud
  1944 | D:3      | Reached skill level 4 in Bows
  2091 | D:3      | Noticed Natasha
  2116 | D:3      | HP: 1/28 [Natasha/magic dart (7)]
  2118 | D:3      | Killed Natasha
  2119 | D:3      | Reached XP level 4. HP: 2/36 MP: 1/9
  2401 | D:3      | Noticed Natasha
  2410 | D:3      | Killed Natasha
  2411 | D:3      | Reached skill level 1 in Conjurations
  2411 | D:3      | Reached skill level 1 in Air Magic
  2526 | D:3      | Noticed Natasha
  2533 | D:3      | Killed Natasha
  2534 | D:3      | Reached XP level 5. HP: 14/41 MP: 2/10
  2918 | D:3      | Learned a level 3 spell: Stone Arrow
  2982 | D:4      | Identified a scroll of acquirement
  2982 | D:4      | Acquired 452 gold pieces
  3190 | D:4      | Reached XP level 6. HP: 50/50 MP: 6/11
  3311 | D:4      | Found a runed translucent door.
  3316 | D:4      | Noticed quinnr's ghost (amateur TeAE)
  3442 | D:4      | HP: 2/50 [ice beast (9)]
  3444 | D:4      | Mangled by an ice beast

Illustrated notes

Levels and vault maps discovered:
D:1:      mrwooster_arrival_statue, layout_basic
D:2:      layout_rooms, basic_altar
D:3:      minmay_octagon_keep, layout_rooms, cheibrodos_ashenzari_chains,
          shapermc_ecumenical_altar_venn, serial_bayou_pond_e, uniq_natasha
D:4:      layout_gridville, ebering_ghost_reflecting_pool, corexii_checkpoint_a

Skill      XL: |  1  2  3  4  5 |
---------------+----------------+-----
Spellcasting   | 2 |  2.0
Fighting       | 1 2 |  2.7
Bows           | 4 |  4.0
Poison Magic   | 2 3 |  3.0
Conjurations   | 1 2 |  2.2
Air Magic      | 1 2 |  2.2
Armour         | |  2.6

Action                   |  1- 3 |  4- 6 || total
-------------------------+-------+-------++-------
Melee: War axe           |       |     7 ||     7
 Fire: Shortbow          |    85 |    60 ||   145
 Cast: Sting             |    17 |    27 ||    44
  Use: Scroll            |       |     5 ||     5
       Potion            |       |     2 ||     2
Armor: Ring mail         |    20 |    17 ||    37
Dodge: Dodged            |    22 |    27 ||    49

Table legend: (Time is in decaauts)
 A = Elapsed time spent in this place.
 B = Non-inter-level travel time spent in this place.
 C = Inter-level travel time spent in this place.
 D = Time resting spent in this place.
 E = Time spent auto-exploring this place.
 F = Levels seen in this place.
 G = Mean time per level.
                   A        B        C        D        E       F      G
               +--------+--------+--------+--------+--------+-----+--------+
         Total |   3538 |   3471 |     67 |    216 |   2712 |   4 |  884.5 |
       Dungeon |   3538 |   3471 |     67 |    216 |   2712 |   4 |  884.5 |
               +--------+--------+--------+--------+--------+-----+--------+

Top non-repeatable levels by time:
     D:3: 1424 daAuts
     D:1: 895 daAuts
     D:2: 740 daAuts
     D:4: 477 daAuts
